 Dungeon Crawl Stone Soup version 0.18-a0-1577-gf591c28 (webtiles) character file.

58 Duffy the Insei (level 3, 0/26 HPs)
             Began as a Demonspawn Transmuter on Mar 18, 2016.
             Succumbed to a worker ant's poison
             ... on level 2 of the Dungeon.
             The game lasted 00:01:04 (1043 turns).

Duffy the Insei (Demonspawn Transmuter)             Turns: 1043, Time: 00:01:04

Health: 0/26       AC:  3    Str: 11    XL:     3   Next: 75%
Magic:  6/6        EV: 12    Int: 14    God:
Gold:   70         SH:  0    Dex: 13    Spells: 1 memorised, 5 levels left

rFire  . . .     SeeInvis .       - Unarmed
rCold  . . .     Gourm    .     b - +0 robe
rNeg   . . .     Faith    .     (no shield)
rPois  .         Spirit   .     (helmet restricted)
rElec  .         Dismiss  .     n - +0 cloak (curse)
rCorr  .         Reflect  .     (no gloves)
SustAt .         Harm     .     (no boots)
MR     .....                    (no amulet)
Stlth  +.........               (no ring)
                                (no ring)

@: lethally poisoned (0 -> -10), not resistant to hostile enchantments, very
unstealthy
A: antennae 1, claws 1
a: no special abilities


You were on level 2 of the Dungeon.
You were not hungry.

You visited 1 branch of the dungeon, and saw 2 of its levels.

You collected 70 gold pieces.


Innate Abilities, Weirdness & Mutations

You have a pair of small antennae on your head.
You have sharp fingernails.


   Skills:
 - Level 1.0 Fighting
 - Level 1.7 Dodging
 + Level 4.2 Unarmed Combat
 - Level 2.0 Spellcasting
 - Level 2.0 Transmutations


You had 5 spell levels left.
You knew the following spells:

 Your Spells              Type           Power        Failure   Level  Hunger
a - Beastly Appendage     Trmt           #.....       12%         1    ##.....

Inventory:

Missiles
 a - 12 arrows
 j - 20 poisoned needles
Armour
 b - a +0 robe (worn)
 n - a cursed +0 cloak (worn)
Scrolls
 g - a scroll of noise {unknown}
 h - a scroll of teleportation {unknown}
 i - a scroll of identify {unknown}
Potions
 e - 2 potions of might {unknown}
 f - a potion of resistance {unknown}
 k - a potion of degeneration {unknown}
 m - a potion of flight {unknown}
Books
 c - a book of Changes
Comestibles
 d - a bread ration
 l - 2 meat rations

Dungeon Overview and Level Annotations

Branches:
Dungeon (2/15)

Altars:


Message History

You are too injured to fight recklessly!
You are too injured to fight recklessly!
You are too injured to fight recklessly!
You are too injured to fight recklessly!
You are too injured to fight recklessly!
You are too injured to fight recklessly!
You are too injured to fight recklessly!
You are too injured to fight recklessly!
You are too injured to fight recklessly!
You are too injured to fight recklessly!
You are too injured to fight recklessly!
You closely miss the worker ant. The worker ant closely misses you.
You barely miss the worker ant. The worker ant bites you.
You are poisoned.
The worker ant poisons you!
You claw the worker ant!
The worker ant is heavily wounded.
You feel sick. The worker ant bites you.
You are lethally poisoned!
The worker ant poisons you!
You scratch the worker ant.
The worker ant is severely wounded.
You feel sick. The worker ant closely misses you.
You claw the worker ant!
You kill the worker ant!
Your Unarmed Combat skill increases to level 4!
You feel sick.
You feel sick.
You see here a worker ant corpse.
You feel sick.
You feel sick.
Found a stone staircase leading down.
You feel sick.
You feel sick.
You die...

#.. ############# #.>.
##.....#.....##
#...###.............##
....#...............#
#..................#
#.........$......#
#...............##
#@....%...........
##.............###
##...<.....^.....
.....#....#########
####.##.#..#
#.#...#..# #.#.#.##.#
#.#.#.# ..# #. J# #.#


There were no monsters in sight!

Action                   || total
-------------------------++-------
Melee: Unarmed           ||    67

Notes
Turn   | Place    | Note
--------------------------------------------------------------
     0 | D:1      | Duffy the Demonspawn Transmuter began the quest for the Orb.
     0 | D:1      | Reached XP level 1. HP: 15/15 MP: 3/3
   237 | D:1      | Reached skill level 2 in Transmutations
   303 | D:1      | Reached skill level 3 in Unarmed Combat
   372 | D:1      | Gained mutation: You have sharp fingernails. [demonic ancestry]
   372 | D:1      | Reached XP level 2. HP: 19/21 MP: 5/5
   955 | D:2      | Gained mutation: You have a pair of small antennae on your head. [demonic ancestry]
   955 | D:2      | Reached XP level 3. HP: 17/26 MP: 6/6
  1037 | D:2      | Reached skill level 4 in Unarmed Combat
  1043 | D:2      | Succumbed to a worker ant's poison

Vault maps used:
D:1:      evilmike_arrival_home_sweet_home, minmay_misc_feat_doors
D:2:      overflow_temple_1_default, first_bread, uniq_robin

Vanquished Creatures
  A worker ant
  2 oozes
  A worm
  3 bats
  2 giant cockroaches
  5 goblins
  3 hobgoblins
  A kobold
  3 rats
21 creatures vanquished.
